 Dungeon Crawl Stone Soup version 0.23.1 (webtiles) character file.

Game seed: 7919026952399215903

490 ohad the Changer (level 7, -6/43 HPs)
             Began as an Octopode Transmuter on Mar 5, 2019.
             Hit by a poisoned tomahawk thrown by an orc warrior (13 damage)
             ... on level 5 of the Dungeon.
             The game lasted 00:07:00 (4129 turns).

ohad the Changer (Octopode Transmuter)              Turns: 4129, Time: 00:07:01

Health: -6/43      AC:  1    Str: 10    XL:     7   Next: 14%
Magic:  12/12      EV: 13    Int: 17    God:
Gold:   208        SH:  0    Dex: 12    Spells: 3/13 levels left

rFire    . . .     SeeInvis .     - Unarmed
rCold    . . .     Gourm    .   (no shield)
rNeg     . . .     Faith    .   (helmet restricted)
rPois    .         Spirit   .   (no amulet)
rElec    .         Reflect  .   (no ring)
rCorr    .         Harm     .   (no ring)
MR       .....                  (no ring)
Stlth    ++........             (no ring)
HPRegen  0.14/turn              (no ring)
MPRegen  0.13/turn              (no ring)
                                (no ring)
                                (no ring)

@: lethally poisoned (-6 -> -34)
A: almost no armour, stealthy swim, amphibious, 8 rings, constrict 8, camouflage
1, gelatinous body 1
a: no special abilities


You were on level 5 of the Dungeon.
You were not hungry.

You visited 1 branch of the dungeon, and saw 5 of its levels.

You collected 208 gold pieces.

Inventory:

Missiles
 a - 65 arrows
 k - 34 poisoned needles
 s - 5 javelins (quivered)
Armour
 l - a +0 shield
Jewellery
 o - an uncursed amulet of magic regeneration {unknown}
 u - a +4 ring of evasion {unknown}
Wands
 v - a wand of paralysis (3)
Scrolls
 f - 2 scrolls of identify {unknown}
 h - 2 scrolls of teleportation {unknown}
 i - a scroll of blinking {unknown}
 j - 3 scrolls of remove curse {unknown}
 n - 2 scrolls of amnesia {unknown}
 w - a scroll of enchant weapon {unknown}
 x - 2 scrolls of fear {unknown}
Potions
 b - 4 potions of lignification {unknown}
 d - a potion of berserk rage {unknown}
 e - 2 potions of might {unknown}
 g - a potion of heal wounds {unknown}
 m - 2 potions of flight {unknown}
 p - a potion of degeneration {unknown}
 q - a potion of haste {unknown}
 r - 3 potions of curing {unknown}
Comestibles
 c - 11 rations
 t - a chunk of flesh


   Skills:
 - Level 1.0 Fighting
 - Level 2.0 Dodging
 - Level 3.0 Unarmed Combat
 + Level 3.8 Spellcasting
 - Level 5.4 Transmutations
 - Level 3.3 Ice Magic


You had 3 spell levels left.
You knew the following spells:

 Your Spells              Type           Power        Failure   Level  Hunger
a - Beastly Appendage     Tmut           ###...       1%          1    None
b - Sticks to Snakes      Tmut           ###.....     2%          2    ##.....
c - Spider Form           Tmut/Pois      ##........   16%         3    ###....
d - Ice Form              Ice/Tmut       ###.....     26%         4    ####...

Your spell library contained the following spells:

 Spells                   Type           Power        Failure   Level  Hunger
 Blade Hands              Tmut           ###.......   43%         5    ######.


Dungeon Overview and Level Annotations

Branches:
Dungeon (5/15)
 Temple: D:4-7

Altars:
Sif Muna
Trog
Uskayaw
The Shining One


Innate Abilities, Weirdness & Mutations

You cannot wear most types of armour.
You are very stealthy in the water. (Stealth+)
You are amphibious.
You can wear up to eight rings at the same time.
You can use your tentacles to constrict eight enemies at once.
Your skin changes colour to match your surroundings (Stealth+).
Your rubbery body absorbs attacks. (AC +1, EV +1)


Message History

You see here a poisoned tomahawk.
You feel sick.
The orc warrior throws a poisoned tomahawk.
The poisoned tomahawk hits you.
You are more poisoned.
You see here a poisoned tomahawk.
You feel sick.
The orc warrior throws a poisoned tomahawk.
The poisoned tomahawk hits you!
* * * LOW HITPOINT WARNING * * *
You are more poisoned.
There is a stone staircase leading up here.
You see here a poisoned tomahawk.
Unknown command.
Unknown command.
* * * LOW HITPOINT WARNING * * *
You feel sick.
The orc warrior throws a poisoned tomahawk.
The poisoned tomahawk hits you!
You die...

#..........#.
.. #...
#######....#
#.8 #.#.
#.##.# .#..
#.#. #.##.#
.....#.#.
#.#..#
....so..#.
#....# .o#
#o)( #...)#..#
#... ##.#(..#
#.o. #@((.###
#.##
#.....#.......
...
#.....####.###
#..# #.....# #
#.# #...... #.
#.....##
#.....#
#.....#


You could see an orc warrior.

Vanquished Creatures
  Sigmund (D:2)
  A bullfrog (D:4)
  A hound (D:4)
  3 orc priests
  Jessica (D:4)
  An iguana (D:4)
  A worker ant (D:4)
  A hound skeleton (D:4)
  A dart slug (D:1)
  2 leopard geckos
  7 orcs
  7 giant cockroaches
  2 goblins
  9 hobgoblins
  14 jackals
  3 kobolds
  2 quokkas (D:4)
  A ball python (D:4)
  7 bats
  3 frilled lizards
  3 rats
71 creatures vanquished.

Vanquished Creatures (collateral kills)
  An adder (D:3)
1 creature vanquished.

Grand Total: 72 creatures vanquished

Notes
Turn   | Place    | Note
-------+----------+-------------------------------------------
     0 | D:1      | ohad the Octopode Transmuter began the quest for the Orb.
     0 | D:1      | Reached XP level 1. HP: 13/13 MP: 3/3
   193 | D:1      | Reached XP level 2. HP: 10/18 MP: 5/5
   262 | D:1      | Reached skill level 3 in Transmutations
   632 | D:2      | Noticed Sigmund
   656 | D:1      | Learned a level 2 spell: Sticks to Snakes
   673 | D:2      | Reached XP level 3. HP: 23/23 MP: 6/6
   681 | D:1      | Learned a level 3 spell: Spider Form
   811 | D:2      | Killed Sigmund
   811 | D:2      | Reached skill level 5 in Transmutations
   811 | D:2      | Reached XP level 4. HP: 17/28 MP: 0/7
   811 | D:2      | Reached XP level 5. HP: 20/33 MP: 0/8
   977 | D:2      | Found a bloodstained altar of Trog.
  1120 | D:2      | Found a glowing golden altar of the Shining One.
  1509 | D:3      | Found a hide-covered altar of Uskayaw.
  2342 | D:4      | Learned a level 4 spell: Ice Form
  2514 | D:4      | Reached XP level 6. HP: 33/38 MP: 10/10
  2543 | D:4      | Reached skill level 1 in Ice Magic
  3194 | D:4      | Found a bloodstained altar of Trog.
  3434 | D:4      | Noticed Jessica
  3440 | D:4      | Found a deep blue altar of Sif Muna.
  3450 | D:4      | Killed Jessica
  3450 | D:4      | Reached XP level 7. HP: 33/43 MP: 7/12
  3748 | D:5      | Entered Level 5 of the Dungeon
  4129 | D:5      | Hit by a poisoned tomahawk thrown by an orc warrior

Skill      XL: |  1  2  3  4  5  6 |
---------------+-------------------+-----
Transmutations | 3 5 |  5.4
Spellcasting   | 3 |  3.8
Ice Magic      | 3 |  3.3
Fighting       | |  1.0
Dodging        | |  2.0
Unarmed Combat | |  3.0

Action                   |  1- 3 |  4- 6 |  7- 9 || total
-------------------------+-------+-------+-------++-------
Melee: Unarmed           |    46 |   108 |    22 ||   176
       Constrict         |    13 |    23 |     7 ||    43
       Tentacles         |     6 |    15 |     4 ||    25
       Kick              |     4 |    14 |       ||    18
       Punch             |     1 |     1 |     1 ||     3
 Cast: Beastly Appendage |     5 |     7 |       ||    12
       Sticks to Snakes  |     1 |     4 |       ||     5
       Spider Form       |     1 |    10 |     1 ||    12
 Stab: Sleeping          |     5 |     8 |       ||    13
       Distracted        |     2 |     1 |       ||     3
  Eat: Chunk             |       |    10 |     2 ||    12
Armor: Skin              |     3 |    10 |     2 ||    15
Dodge: Dodged            |    22 |    72 |    22 ||   116
